TOP OF THE 1ST |
Charleston RiverDogs batting - Pitching for Clinton LumberKings : LHP Chan-u Lee
|
Pitching: LHP Chan-u Lee
|
|
Batting: LHB Justin O'Neal
|
0-0: Swinging Strike 0-1: Ball 1-1: Ball 2-1: Ball 3-1: Fly out, F7 (Flyball, 7D, EV 96.2 MPH)
|
Batting: RHB Iften Olujimi
|
0-0: Ball 1-0: Fly out, F9 (Flyball, 9S, EV 86.9 MPH)
|
Batting: RHB Bryan Westray
|
0-0: Called Strike 0-1: Called Strike 0-2: Ball 1-2: Ball 2-2: Ground out 4-3 (Groundball, 4, EV 93.1 MPH)
|
Top of the 1st over - 0 runs, 0 hits, 0 errors, 0 left on base; Charleston 0 - Clinton 0 |
BOTTOM OF THE 1ST |
Clinton LumberKings batting - Pitching for Charleston RiverDogs : RHP Austin Trzcinski
|
Pitching: RHP Austin Trzcinski
|
|
Batting: RHB Rich Justice
|
0-0: Ground out 6-3 (Groundball, 6, EV 83.1 MPH)
|
Batting: RHB Ching-hsia Zhang
|
0-0: Ball 1-0: Fly out, F9 (Flyball, 9D, EV 99.4 MPH)
|
Batting: LHB Jason Kinney
|
0-0: Ball 1-0: Ground out 4-3 (Groundball, 4, EV 79.4 MPH)
|
Bottom of the 1st over - 0 runs, 0 hits, 0 errors, 0 left on base; Charleston 0 - Clinton 0 |
TOP OF THE 2ND |
Charleston RiverDogs batting - Pitching for Clinton LumberKings : LHP Chan-u Lee
|
Batting: RHB Alfredo Rodriguez
|
0-0: Ball 1-0: Called Strike 1-1: Swinging Strike 1-2: Ball 2-2: Ground out 6-3 (Groundball, 6, EV 93.8 MPH)
|
Batting: LHB Sean Trueblood
|
0-0: Called Strike 0-1: Called Strike 0-2: Ball 1-2: Strikes out looking
|
Batting: LHB Marc Durgin
|
0-0: Foul Ball, location: 2F 0-1: Ball 1-1: Foul Ball, location: 2F 1-2: Foul Ball, location: 2F 1-2: Foul Ball, location: 2F 1-2: Ball 2-2: Foul Ball, location: 2F 2-2: TRIPLE (Line Drive, 89XD, EV 103.8 MPH)
|
Batting: RHB John Sprenkel
|
0-0: Ball 1-0: Swinging Strike 1-1: Foul Ball, location: 2F 1-2: Ground out 1-3 (Groundball, 34S, EV 72.5 MPH)
|
Top of the 2nd over - 0 runs, 1 hit, 0 errors, 1 left on base; Charleston 0 - Clinton 0 |
BOTTOM OF THE 2ND |
Clinton LumberKings batting - Pitching for Charleston RiverDogs : RHP Austin Trzcinski
|
Batting: SHB Ray Skogen
|
0-0: TRIPLE (Flyball, 78XD, EV 89.4 MPH)
|
Batting: RHB Hideo Okimura
|
0-0: Foul Ball, location: 2F 0-1: Ball 1-1: Foul Ball, location: 2F 1-2: Foul Ball, location: 2F 1-2: Foul Ball, location: 2F 1-2: Foul Ball, location: 2F 1-2: Ball 2-2: Ball 3-2: Ground out 6-3 (Groundball, 6, EV 84.4 MPH) Ray Skogen scores
|
Batting: RHB Heihachiro Fujita
|
0-0: Ball 1-0: Foul Ball, location: 2F 1-1: Swinging Strike 1-2: Strikes out looking
|
Batting: RHB Doug Carter
|
0-0: Called Strike 0-1: TRIPLE (Flyball, 78XD, EV 108.8 MPH)
|
Batting: RHB Egidius Kruger
|
0-0: Ball 1-0: Called Strike 1-1: Fly out, F4 (Popup, 4, EV 59.4 MPH)
|
Bottom of the 2nd over - 1 run, 2 hits, 0 errors, 1 left on base; Charleston 0 - Clinton 1 |
TOP OF THE 3RD |
Charleston RiverDogs batting - Pitching for Clinton LumberKings : LHP Chan-u Lee
|
Batting: LHB Dale Anderson
|
0-0: Ball 1-0: Fly out, F7 (Flyball, 7, EV 88.1 MPH)
|
Batting: RHB Louwe Starmans
|
0-0: Ball 1-0: Called Strike 1-1: Called Strike 1-2: Ball 2-2: Ball 3-2: Strikes out swinging
|
Batting: LHB Justin O'Neal
|
0-0: Ground out 5-3 (Groundball, 56, EV 76.9 MPH)
|
Top of the 3rd over - 0 runs, 0 hits, 0 errors, 0 left on base; Charleston 0 - Clinton 1 |
BOTTOM OF THE 3RD |
Clinton LumberKings batting - Pitching for Charleston RiverDogs : RHP Austin Trzcinski
|
Batting: RHB David Greene
|
0-0: Ground out 5-3 (Groundball, 56S, EV 86.2 MPH)
|
Batting: RHB Rich Justice
|
0-0: Swinging Strike 0-1: Ball 1-1: Ground out 1-3 (Groundball, 13S, EV 65.0 MPH)
|
Batting: RHB Ching-hsia Zhang
|
0-0: Ball 1-0: Called Strike 1-1: Ball 2-1: Ball 3-1: Fly out, F5 (Popup, 25F, EV 93.8 MPH)
|
Bottom of the 3rd over - 0 runs, 0 hits, 0 errors, 0 left on base; Charleston 0 - Clinton 1 |
TOP OF THE 4TH |
Charleston RiverDogs batting - Pitching for Clinton LumberKings : LHP Chan-u Lee
|
Batting: RHB Iften Olujimi
|
0-0: Called Strike 0-1: Foul Ball, location: 2F 0-2: Ball 1-2: Foul Ball, location: 2F 1-2: SINGLE (Line Drive, 4M, EV 100.6 MPH)
|
Batting: RHB Bryan Westray
|
0-0: Called Strike 0-1: Foul Ball, location: 2F 0-2: Strikes out swinging
|
Batting: RHB Alfredo Rodriguez
|
0-0: Ball 1-0: Called Strike 1-1: Foul Ball, location: 2F 1-2: Ball Passed Ball! Iften Olujimi to second 2-2: Fly out, F8 (Flyball, 8LM, EV 90.0 MPH)
|
Batting: LHB Sean Trueblood
|
0-0: Called Strike 0-1: Foul Ball, location: 2F 0-2: Ball 1-2: Ball 2-2: Foul Ball, location: 2F 2-2: Ground out 2-3 (Groundball, 2R, EV 61.9 MPH)
|
Top of the 4th over - 0 runs, 1 hit, 0 errors, 1 left on base; Charleston 0 - Clinton 1 |
BOTTOM OF THE 4TH |
Clinton LumberKings batting - Pitching for Charleston RiverDogs : RHP Austin Trzcinski
|
Batting: LHB Jason Kinney
|
0-0: Called Strike 0-1: Ball 1-1: Called Strike 1-2: Ball 2-2: Ball 3-2: Foul Ball, location: 2F 3-2: Base on Balls
|
Batting: SHB Ray Skogen
|
0-0: Ball 1-0: Called Strike 1-1: Ball 2-1: Called Strike 2-2: Strikes out swinging
|
Batting: RHB Hideo Okimura
|
0-0: SINGLE (Groundball, 5S, EV 65.0 MPH) (infield hit) Jason Kinney to second
|
Batting: RHB Heihachiro Fujita
|
0-0: Ball 1-0: Called Strike 1-1: Swinging Strike 1-2: Ball 2-2: Strikes out looking
|
Batting: RHB Doug Carter
|
0-0: Ball 1-0: Called Strike 1-1: Foul Ball, location: 2F 1-2: Strikes out swinging
|
Bottom of the 4th over - 0 runs, 1 hit, 0 errors, 2 left on base; Charleston 0 - Clinton 1 |
TOP OF THE 5TH |
Charleston RiverDogs batting - Pitching for Clinton LumberKings : LHP Chan-u Lee
|
Batting: LHB Marc Durgin
|
0-0: Ball 1-0: Swinging Strike 1-1: Ground out 6-3 (Groundball, 6, EV 103.1 MPH)
|
Batting: RHB John Sprenkel
|
0-0: Called Strike 0-1: Bunted foul 0-2: Ball 1-2: Ground out 4-3 (Groundball, 4, EV 85.0 MPH)
|
Batting: LHB Dale Anderson
|
0-0: Ball 1-0: Called Strike 1-1: Foul Ball, location: 2F 1-2: SINGLE (Flyball, 78S, EV 91.9 MPH)
|
Batting: RHB Louwe Starmans
|
0-0: Called Strike 0-1: Called Strike 0-2: Ball 1-2: SINGLE (Flyball, 8RS, EV 92.5 MPH) Dale Anderson to second
|
Batting: LHB Justin O'Neal
|
0-0: Ball Wild Pitch! Dale Anderson to third Louwe Starmans to second 1-0: Ground out U3 (Groundball, 34S, EV 83.8 MPH)
|
Top of the 5th over - 0 runs, 2 hits, 0 errors, 2 left on base; Charleston 0 - Clinton 1 |
BOTTOM OF THE 5TH |
Clinton LumberKings batting - Pitching for Charleston RiverDogs : RHP Austin Trzcinski
|
Batting: RHB Egidius Kruger
|
0-0: Ground out 6-3 (Groundball, 6M, EV 111.9 MPH)
|
Batting: RHB David Greene
|
0-0: Ball 1-0: Ground out 4-3 (Groundball, 34, EV 98.8 MPH)
|
Batting: RHB Rich Justice
|
0-0: Ground out 4-3 (Groundball, 4, EV 88.1 MPH)
|
Bottom of the 5th over - 0 runs, 0 hits, 0 errors, 0 left on base; Charleston 0 - Clinton 1 |
TOP OF THE 6TH |
Charleston RiverDogs batting - Pitching for Clinton LumberKings : LHP Chan-u Lee
|
Batting: RHB Iften Olujimi
|
0-0: Ball 1-0: SINGLE (Line Drive, 6MD, EV 107.5 MPH)
|
Batting: RHB Bryan Westray
|
0-0: Ball 1-0: Ball 2-0: Called Strike 2-1: Foul Ball, location: 2F 2-2: Strikes out looking
|
Batting: RHB Alfredo Rodriguez
|
0-0: Ball 1-0: Called Strike 1-1: Called Strike 1-2: Strikes out swinging
|
Batting: LHB Sean Trueblood
|
0-0: Ball Iften Olujimi is caught stealing 2nd base 2-6
|
Top of the 6th over - 0 runs, 1 hit, 0 errors, 0 left on base; Charleston 0 - Clinton 1 |
BOTTOM OF THE 6TH |
Clinton LumberKings batting - Pitching for Charleston RiverDogs : RHP Austin Trzcinski
|
Batting: RHB Ching-hsia Zhang
|
0-0: Ball 1-0: Ball 2-0: Foul Ball, location: 2F 2-1: SINGLE (Groundball, 56D, EV 105.0 MPH)
|
Batting: LHB Jason Kinney
|
0-0: Ball Ching-hsia Zhang is caught stealing 2nd base 2-6 1-0: Called Strike 1-1: Ball 2-1: Ball 3-1: Foul Ball, location: 2F 3-2: Base on Balls
|
Batting: SHB Ray Skogen
|
0-0: Ball 1-0: Called Strike 1-1: DOUBLE (Line Drive, 9LS, EV 110.0 MPH) Jason Kinney to third
|
Batting: RHB Hideo Okimura
|
0-0: Intentional Walk
|
Batting: RHB Heihachiro Fujita
|
0-0: Ball 1-0: Called Strike 1-1: Ball 2-1: Foul Ball, location: 2F 2-2: Ball 3-2: Foul Ball, location: 2F 3-2: Base on Balls Jason Kinney scores Ray Skogen to third Hideo Okimura to second
|
Batting: RHB Doug Carter
|
0-0: Grounds into fielders choice 5-2 (Groundball, 56S, EV 63.8 MPH) Hideo Okimura to third Heihachiro Fujita to second
|
Batting: RHB Egidius Kruger
|
0-0: Fly out, F9 (Line Drive, 9S, EV 111.9 MPH)
|
Bottom of the 6th over - 1 run, 2 hits, 0 errors, 3 left on base; Charleston 0 - Clinton 2 |
TOP OF THE 7TH |
Charleston RiverDogs batting - Pitching for Clinton LumberKings : LHP Chan-u Lee
|
Batting: LHB Sean Trueblood
|
0-0: Called Strike 0-1: SINGLE (Line Drive, 5D, EV 106.9 MPH)
|
Batting: LHB Marc Durgin
|
0-0: Bunt missed! 0-1: Ball 1-1: Ball 2-1: Bunted foul 2-2: Foul Ball, location: 2F 2-2: Strikes out swinging
|
Batting: RHB John Sprenkel
|
0-0: Foul Ball, location: 2F 0-1: Ball 1-1: Swinging Strike 1-2: Strikes out swinging
|
Pitching: RHP Adam Fair
|
|
Batting: LHB Dale Anderson
|
0-0: Called Strike 0-1: Called Strike 0-2: Ball 1-2: DOUBLE (Flyball, 78D, EV 100.0 MPH) Sean Trueblood to third Runner from 3rd tries for Home, SAFE, throw by CF to home
|
Pinch Hitting: LHB Jeremiah Walker
|
0-0: Ball 1-0: Ball 2-0: Ball 3-0: Called Strike 3-1: Called Strike 3-2: Fly out, F9 (Flyball, 9D, EV 84.4 MPH)
|
Top of the 7th over - 1 run, 2 hits, 0 errors, 1 left on base; Charleston 1 - Clinton 2 |
BOTTOM OF THE 7TH |
Clinton LumberKings batting - Pitching for Charleston RiverDogs : RHP Austin Trzcinski
|
Now at 1B: Jeremiah Walker
|
|
Now at 3B: Sean Trueblood
|
|
Batting: RHB David Greene
|
0-0: Ground out U3 (Groundball, 34, EV 76.9 MPH)
|
Batting: RHB Rich Justice
|
0-0: Foul Ball, location: 2F 0-1: Ball 1-1: Swinging Strike 1-2: SINGLE (Groundball, 6MD, EV 99.4 MPH)
|
Batting: RHB Ching-hsia Zhang
|
0-0: Ball Rich Justice steals 2nd base 1-0: Ground out U3 (Groundball, 34, EV 76.9 MPH) Rich Justice to third
|
Batting: LHB Jason Kinney
|
0-0: Ball 1-0: Called Strike 1-1: Foul Ball, location: 2F 1-2: Fly out, F8 (Flyball, 8RD, EV 97.5 MPH)
|
Bottom of the 7th over - 0 runs, 1 hit, 0 errors, 1 left on base; Charleston 1 - Clinton 2 |
TOP OF THE 8TH |
Charleston RiverDogs batting - Pitching for Clinton LumberKings : RHP Adam Fair
|
Pitching: RHP Raul Lopez
|
|
Batting: LHB Justin O'Neal
|
0-0: Called Strike 0-1: Ground out U3 (Groundball, 3L, EV 87.5 MPH)
|
Batting: RHB Iften Olujimi
|
0-0: Ball 1-0: Called Strike 1-1: Foul Ball, location: 2F 1-2: Strikes out swinging
|
Batting: RHB Bryan Westray
|
0-0: Ground out 5-3 (Groundball, 5L, EV 106.9 MPH)
|
Top of the 8th over - 0 runs, 0 hits, 0 errors, 0 left on base; Charleston 1 - Clinton 2 |
BOTTOM OF THE 8TH |
Clinton LumberKings batting - Pitching for Charleston RiverDogs : RHP Austin Trzcinski
|
Batting: SHB Ray Skogen
|
0-0: Ball 1-0: Called Strike 1-1: Swinging Strike 1-2: Foul Ball, location: 2F 1-2: Ball 2-2: Foul Ball, location: 2F 2-2: Reached on error, E4 (Groundball, 4, EV 99.4 MPH)
|
Batting: RHB Hideo Okimura
|
0-0: Ball Ray Skogen is caught stealing 2nd base 2-4 1-0: Ball 2-0: Called Strike 2-1: Swinging Strike 2-2: Strikes out swinging
|
Batting: RHB Heihachiro Fujita
|
0-0: Foul Ball, location: 2F 0-1: Ball 1-1: SINGLE (Line Drive, 9S, EV 100.0 MPH)
|
Pitching: LHP Ferrie Werkhoven
|
|
Batting: RHB Doug Carter
|
0-0: SINGLE (Groundball, 56, EV 101.9 MPH) (infield hit) Heihachiro Fujita to second
|
Batting: RHB Egidius Kruger
|
0-0: Called Strike 0-1: Ball 1-1: Ball 2-1: Ball 3-1: Ground out 4-3 (Groundball, 4M, EV 97.5 MPH)
|
Bottom of the 8th over - 0 runs, 2 hits, 1 error, 2 left on base; Charleston 1 - Clinton 2 |
TOP OF THE 9TH |
Charleston RiverDogs batting - Pitching for Clinton LumberKings : RHP Raul Lopez
|
Now at 3B: Rich Justice
|
|
Now in LF: Julian Gregory
|
|
Now in RF: Ray Skogen
|
|
Batting: RHB Alfredo Rodriguez
|
0-0: Ball 1-0: Ball 2-0: Swinging Strike 2-1: Foul Ball, location: 2F 2-2: Ball 3-2: Foul Ball, location: 2F 3-2: Base on Balls
|
Batting: LHB Sean Trueblood
|
0-0: SINGLE (Groundball, 6MD, EV 101.9 MPH) Alfredo Rodriguez to second
|
Pinch Runner at 2nd Lorenzo Vasquez:
|
|
Batting: LHB Marc Durgin
|
0-0: Sac Bunt to P - play at first, batter OUT! 1-4 Lorenzo Vasquez to third Sean Trueblood to second
|
Pinch Hitting: SHB Houston Phillips
|
0-0: Called Strike 0-1: Ball 1-1: Ball Passed Ball! Lorenzo Vasquez scores Sean Trueblood to third 2-1: Ball Squeeze bunt is on, Sean Trueblood is out 3-2: SINGLE (Line Drive, 89M, EV 105.6 MPH)
|
Batting: LHB Dale Anderson
|
0-0: Ball 1-0: Fly out, F8 (Flyball, 8RD, EV 73.8 MPH)
|
Top of the 9th over - 1 run, 2 hits, 0 errors, 1 left on base; Charleston 2 - Clinton 2 |
BOTTOM OF THE 9TH |
Clinton LumberKings batting - Pitching for Charleston RiverDogs : LHP Ferrie Werkhoven
|
Now at C: Bobby White
|
|
Now in LF: Graham Murphy
|
|
Batting: RHB David Greene
|
0-0: Called Strike 0-1: Called Strike 0-2: Ball 1-2: Ball 2-2: Strikes out swinging
|
Batting: RHB Rich Justice
|
0-0: Foul Ball, location: 2F 0-1: Ball 1-1: Fly out, F9 (Flyball, 89S, EV 97.5 MPH)
|
Batting: RHB Ching-hsia Zhang
|
0-0: Ball 1-0: Called Strike 1-1: Ball 2-1: Fly out, F5 (Line Drive, 5, EV 71.9 MPH)
|
Bottom of the 9th over - 0 runs, 0 hits, 0 errors, 0 left on base; Charleston 2 - Clinton 2 |
TOP OF THE 10TH |
Charleston RiverDogs batting - Pitching for Clinton LumberKings : RHP Raul Lopez
|
Batting: LHB Jeremiah Walker
|
0-0: Ball 1-0: Foul Ball, location: 2F 1-1: Called Strike 1-2: Strikes out swinging
|
Batting: LHB Justin O'Neal
|
0-0: Ball 1-0: SINGLE (Groundball, 25, EV 73.1 MPH) (infield hit)
|
Batting: RHB Iften Olujimi
|
0-0: Ball 1-0: Fly out, F7 (Flyball, 78D, EV 93.1 MPH)
|
Batting: RHB Bryan Westray
|
0-0: Ball 1-0: Called Strike 1-1: Foul Ball, location: 2F 1-2: Foul Ball, location: 2F 1-2: Strikes out swinging
|
Top of the 10th over - 0 runs, 1 hit, 0 errors, 1 left on base; Charleston 2 - Clinton 2 |
BOTTOM OF THE 10TH |
Clinton LumberKings batting - Pitching for Charleston RiverDogs : LHP Ferrie Werkhoven
|
Pitching: RHP Greg Ritchie
|
|
Batting: RHB Julian Gregory
|
0-0: Ground out 5-3 (Groundball, 56, EV 80.6 MPH)
|
Batting: SHB Ray Skogen
|
0-0: Ground out 3-1 (Groundball, 34, EV 80.0 MPH)
|
Batting: RHB Hideo Okimura
|
0-0: Foul Ball, location: 2F 0-1: Called Strike 0-2: Ground out 6-3 (Groundball, 6, EV 84.4 MPH)
|
Bottom of the 10th over - 0 runs, 0 hits, 0 errors, 0 left on base; Charleston 2 - Clinton 2 |
TOP OF THE 11TH |
Charleston RiverDogs batting - Pitching for Clinton LumberKings : RHP Raul Lopez
|
Pitching: RHP Bill Porter
|
|
Batting: RHB Graham Murphy
|
0-0: Called Strike 0-1: Hit by Pitch
|
Batting: LHB Sean Trueblood
|
0-0: Ball 1-0: Ball 2-0: Ball 3-0: Base on Balls Graham Murphy to second
|
Batting: LHB Marc Durgin
|
0-0: Bunted foul 0-1: Bunted foul 0-2: Ball 1-2: Grounds into double play, 4-6-3 (Groundball, 4, EV 81.2 MPH) Graham Murphy to third
|
Pinch Hitting: RHB Bryan Massey
|
0-0: Ground out 6-3 (Groundball, 6, EV 85.6 MPH)
|
Top of the 11th over - 0 runs, 0 hits, 0 errors, 1 left on base; Charleston 2 - Clinton 2 |
BOTTOM OF THE 11TH |
Clinton LumberKings batting - Pitching for Charleston RiverDogs : RHP Greg Ritchie
|
Now at C: Bryan Massey
|
|
Batting: RHB Heihachiro Fujita
|
0-0: Swinging Strike 0-1: Ball 1-1: Swinging Strike 1-2: Strikes out looking
|
Batting: RHB Doug Carter
|
0-0: Called Strike 0-1: Ball 1-1: Fly out, F9 (Flyball, 89XD, EV 96.9 MPH)
|
Pinch Hitting: RHB Adan Lake
|
0-0: Called Strike 0-1: Ball 1-1: Ball 2-1: Foul Ball, location: 2F 2-2: Foul Ball, location: 2F 2-2: Ball 3-2: Foul Ball, location: 2F 3-2: Strikes out looking
|
Bottom of the 11th over - 0 runs, 0 hits, 0 errors, 0 left on base; Charleston 2 - Clinton 2 |
TOP OF THE 12TH |
Charleston RiverDogs batting - Pitching for Clinton LumberKings : RHP Bill Porter
|
Now at 2B: Bryan Shuller
|
|
Now at SS: Ching-hsia Zhang
|
|
Batting: LHB Dale Anderson
|
0-0: Ball 1-0: Ball 2-0: Called Strike 2-1: Foul Ball, location: 2F 2-2: Ball 3-2: Foul Ball, location: 2F 3-2: DOUBLE (Groundball, 3L, EV 96.9 MPH)
|
Batting: LHB Jeremiah Walker
|
0-0: Foul Ball, location: 2F 0-1: Ball 1-1: 2-RUN HOME RUN (Flyball, 7D, EV 103.1 MPH), Distance : 390 ft
|
Batting: LHB Justin O'Neal
|
0-0: Ball 1-0: Foul Ball, location: 2F 1-1: Ball 2-1: Ball 3-1: Base on Balls
|
Batting: RHB Iften Olujimi
|
0-0: Swinging Strike 0-1: Called Strike 0-2: Ball 1-2: Foul Ball, location: 2F 1-2: Strikes out swinging
|
Batting: RHB Bryan Westray
|
0-0: Called Strike 0-1: Ball Justin O'Neal steals 2nd base 1-1: Intentional Walk
|
Batting: RHB Graham Murphy
|
0-0: Ball 1-0: Called Strike 1-1: Called Strike 1-2: Strikes out swinging
|
Batting: LHB Sean Trueblood
|
0-0: Ball 1-0: Fielders Choice at 2nd, 5-4 (Groundball, 5L, EV 82.5 MPH)
|
Top of the 12th over - 2 runs, 2 hits, 0 errors, 2 left on base; Charleston 4 - Clinton 2 |
BOTTOM OF THE 12TH |
Clinton LumberKings batting - Pitching for Charleston RiverDogs : RHP Greg Ritchie
|
Batting: RHB David Greene
|
0-0: Called Strike 0-1: Foul Ball, location: 2F 0-2: Ball 1-2: Strikes out swinging
|
Batting: RHB Rich Justice
|
0-0: Ball 1-0: Ball 2-0: Called Strike 2-1: SINGLE (Line Drive, 7S, EV 102.5 MPH)
|
Batting: RHB Ching-hsia Zhang
|
0-0: Fly out, F6 (Popup, 56, EV 60.0 MPH)
|
Batting: RHB Julian Gregory
|
0-0: Swinging Strike 0-1: Fly out, F9 (Line Drive, 9D, EV 93.1 MPH)
|
Bottom of the 12th over - 0 runs, 1 hit, 0 errors, 1 left on base; Charleston 4 - Clinton 2 |
|